[Event "Titled Tuesday Blitz September 13 Late 2022"]
[White "Kobo, Ori"]
[Black "Kamsky, Gata"]
[WhiteFideId "2812320"]
[BlackFideId "2000024"]
[WhiteElo "2420"]
[BlackElo "2666"]
[Result "1/2-1/2"]
[Round "07"]
[TimeControl "180+1"]
[Date "2022.09.13"]
[WhiteClock "0:00:03"]
[BlackClock "0:00:03"]

1. Nf3 Nf6 2. c4 c6 3. d4 d5 4. Qb3 g6 5. Bf4 Bg7 6. e3 O-O 7. Nc3 e6 8. h3 a6 9. Rc1 Nbd7 10. Be2 dxc4 11. Qxc4 Nd5 12. Bg3 Nxc3 13. bxc3 Qe7 14. O-O e5 15. Rfd1 Re8 16. Qb3 b5 17. Bh4 Bf6 18. Bxf6 Qxf6 19. c4 Rb8 20. Qc2 exd4 21. Rxd4 c5 22. Rf4 Qe7 23. Rd1 b4 24. h4 Ne5 25. Ng5 Bb7 26. Ne4 Bxe4 27. Rxe4 f5 28. Rf4 Red8 29. h5 Kg7 30. Rd5 a5 31. e4 Rxd5 32. cxd5 Rf8 33. exf5 Rxf5 34. Rxf5 gxf5 35. Qxf5 c4 36. Qf4 Qf6 37. h6+ Kf7 38. Bh5+ Ke7 39. Qe3 Qf5 40. Be2 Kf6 41. f4 Nd3 42. Qd4+ Ke7 43. d6+ Kd7 44. Bf3 Qxf4 45. Qa7+ Kxd6 46. Qb8+ Kc5 47. Qa7+ Kb5 48. Qd7+ Kc5 49. Qa7+ Kb5 50. Qd7+ Kc5 51. Qa7+ 1/2-1/2


[Site "https://www.chess.com"]

[Event "Titled Tuesday Blitz September 13 Late 2022"]
[White "Kollars, Dmitrij"]
[Black "Barbosa, Evandro Amorim"]
[WhiteFideId "12909572"]
[BlackFideId "2115824"]
[WhiteElo "2584"]
[BlackElo "2454"]
[Result "0-1"]
[Round "07"]
[TimeControl "180+1"]
[Date "2022.09.13"]
[WhiteClock "0:00:02"]
[BlackClock "0:00:07"]

1. c4 c5 2. Nf3 Nc6 3. Nc3 e5 4. e3 Nf6 5. d4 cxd4 6. exd4 e4 7. Ne5 Bd6 8. Bf4 Bb8 9. Bg3 O-O 10. Be2 Re8 11. Nxc6 dxc6 12. Qd2 e3 13. fxe3 Bxg3+ 14. hxg3 Qd6 15. O-O-O Qxg3 16. Bf3 Bf5 17. Rhf1 Bg6 18. Rde1 Rad8 19. b3 a6 20. c5 Qg5 21. Rf2 h5 22. e4 Qg3 23. Rfe2 h4 24. e5 Nd7 25. Qe3 Nf8 26. Rd1 Ne6 27. b4 Nf4 28. Red2 Re7 29. Kb2 Red7 30. a4 Ne6 31. Ne2 Qg5 32. Qxg5 Nxg5 33. Nf4 Bf5 34. Kc3 h3 35. Rf2 h2 36. Ne2 Ne6 37. g3 h1=Q 38. Bxh1 Bg4 39. Bf3 Bxf3 40. Rxf3 a5 41. b5 Nxc5 42. bxc6 bxc6 43. Ra1 Ne6 44. Rd3 Rd5 45. Rad1 c5 46. Kc4 cxd4 47. Nxd4 Rc5+ 48. Kb3 Rcd5 49. Kc4 Rc5+ 50. Kb3 Rxe5 51. Nxe6 Rxd3+ 52. Rxd3 fxe6 53. Kc4 Kf7 54. Rb3 Kf6 55. Rb7 g5 56. g4 Re4+ 57. Kb3 Rxg4 58. Rb5 Rf4 59. Rxa5 g4 60. Ra8 Rf5 61. Rf8+ Ke5 62. Rg8 Kf4 63. Kb4 g3 64. a5 Kf3 65. a6 Rf7 66. Kc5 g2 67. Kb6 Kf2 0-1


[Site "https://www.chess.com"]

[Event "Titled Tuesday Blitz September 13 Late 2022"]
[White "Kravtsiv, Martyn"]
[Black "Pranav, V"]
[WhiteFideId "14113147"]
[BlackFideId "25060783"]
[WhiteElo "2694"]
[BlackElo "2390"]
[Result "1-0"]
[Round "07"]
[TimeControl "180+1"]
[Date "2022.09.13"]
[WhiteClock "0:00:09"]
[BlackClock "0:00:05"]

1. e4 e5 2. Nf3 Nc6 3. Nc3 Nf6 4. a4 g6 5. Bc4 Bg7 6. d3 O-O 7. Be3 d6 8. h3 Be6 9. Bxe6 fxe6 10. Ne2 Nh5 11. c3 Qe8 12. a5 a6 13. Qb3 Nd8 14. Nd2 h6 15. g3 Kh7 16. f3 c6 17. O-O-O d5 18. Bc5 Rf7 19. h4 Nf6 20. g4 Nd7 21. Be3 Qe7 22. Kb1 Qd6 23. Rhf1 c5 24. g5 h5 25. f4 d4 26. Nc4 Qc7 27. Bc1 Nc6 28. f5 exf5 29. exf5 Rxf5 30. Rxf5 gxf5 31. Ng3 Rf8 32. Nxh5 Bh8 33. Rf1 dxc3 34. bxc3 Na7 35. Ng3 Nb5 36. Nxf5 e4 37. Bd2 Qh2 38. Qd1 Rxf5 39. Qh5+ Kg8 40. Qg6+ Bg7 41. Qxf5 Ne5 42. Nxe5 Qxd2 43. Qf7+ Kh7 44. Qh5+ Kg8 45. Qe8+ Kh7 46. Qg6+ Kg8 47. Rf8+ Kxf8 48. Qf7# 1-0


[Site "https://www.chess.com"]

[Event "Titled Tuesday Blitz September 13 Late 2022"]
[White "Lenderman, Aleksandr"]
[Black "Tanenbaum, Zachary"]
[WhiteFideId "2021285"]
[BlackFideId "2060850"]
[WhiteElo "2607"]
[BlackElo "2175"]
[Result "1/2-1/2"]
[Round "07"]
[TimeControl "180+1"]
[Date "2022.09.13"]
[WhiteClock "0:01:34"]
[BlackClock "0:00:29"]

1. e4 e5 2. Nf3 Nc6 3. Nc3 Nf6 4. d4 exd4 5. Nxd4 Bb4 6. Nxc6 bxc6 7. Bd3 d5 8. exd5 O-O 9. O-O cxd5 10. Bg5 c6 11. Qf3 Bd6 12. Rfe1 Rb8 13. b3 h6 14. Bf4 Be6 15. Bxd6 Qxd6 16. Qg3 Qxg3 17. hxg3 c5 18. Rad1 Rfe8 19. f3 Bd7 20. Kf2 Bc6 21. Rxe8+ Rxe8 22. Ne2 Kf8 23. a3 a5 24. c3 Rb8 25. Rb1 Nd7 26. b4 Ne5 27. Bc2 Nc4 28. bxc5 Rxb1 29. Bxb1 Nxa3 30. Bd3 Bb5 31. Ke3 Ke7 32. Nd4 Bxd3 33. Kxd3 Nc4 34. Kc2 a4 35. Kb1 g6 36. Ka2 Kd7 37. g4 Kc7 38. g3 Kd7 39. f4 Kc7 40. g5 hxg5 41. fxg5 Kd7 42. Kb1 Kc7 43. Ka1 Kd7 44. Ka2 Kc7 45. Ka1 Nd2 46. Nb5+ Kc6 47. Nd6 Kxc5 48. Nxf7 Ne4 49. Ne5 Nxg3 50. Nxg6 Ne4 51. Kb2 Nxg5 52. Ka3 Ne4 53. Kxa4 Nxc3+ 54. Kb3 d4 55. Nf4 Nd5 56. Ne6+ Kd6 57. Nxd4 1/2-1/2


[Site "https://www.chess.com"]

[Event "Titled Tuesday Blitz September 13 Late 2022"]
[White "Makarian, Rudik"]
[Black "Bayo Milagro, Alvaro"]
[WhiteFideId "44105681"]
[BlackFideId "22275240"]
[WhiteElo "2410"]
[BlackElo "2270"]
[Result "1-0"]
[Round "07"]
[TimeControl "180+1"]
[Date "2022.09.13"]
[WhiteClock "0:02:05"]
[BlackClock "0:00:54"]

1. b3 d5 2. Bb2 Bg4 3. Nf3 Nd7 4. e3 e6 5. Be2 Ngf6 6. O-O c6 7. c4 Be7 8. d4 O-O 9. Nbd2 Bd6 10. h3 Bh5 11. Ne5 Bxe2 12. Qxe2 a5 13. a4 Nb8 14. e4 Bxe5 15. dxe5 Nxe4 16. Nxe4 dxe4 17. Qxe4 Na6 18. Rad1 Qe7 19. Rd6 Rfd8 20. Ba3 Nb4 21. Bxb4 axb4 22. c5 Qg5 23. Rfd1 Re8 24. Rd7 Rad8 25. f4 Rxd7 26. Rxd7 Qg3 27. Rd3 Qh4 28. Qxb4 h6 29. Kh2 Qf2 30. Qd4 Qe2 31. Rg3 Qf1 32. Rf3 Qc1 33. b4 Ra8 34. a5 Kf8 35. f5 Re8 36. f6 g6 37. Rf2 Kg8 38. Qd2 Qa1 39. Qxh6 Qxe5+ 40. g3 1-0


[Site "https://www.chess.com"]

[Event "Titled Tuesday Blitz September 13 Late 2022"]
[White "Maksimovic, Bojan"]
[Black "Marjanovic, Annamaria"]
[WhiteFideId "14408120"]
[BlackFideId "750930"]
[WhiteElo "2447"]
[BlackElo "2156"]
[Result "1-0"]
[Round "07"]
[TimeControl "180+1"]
[Date "2022.09.13"]
[WhiteClock "0:01:49"]
[BlackClock "0:00:13"]

1. e4 e6 2. d3 d5 3. Nd2 Nf6 4. Ngf3 Be7 5. g3 O-O 6. Bg2 c5 7. O-O Nc6 8. e5 Nd7 9. Re1 Qc7 10. Qe2 Nd4 11. Nxd4 cxd4 12. Nf3 Qc5 13. a3 a5 14. b3 Qa7 15. Bb2 Bc5 16. Qd2 f6 17. exf6 Nxf6 18. Ne5 b5 19. Re2 Qc7 20. Rae1 Qd6 21. Ra1 Bd7 22. Bh3 Be8 23. Qg5 h6 24. Qd2 Bh5 25. Ree1 Kh7 26. f4 Ra6 27. Qf2 Qc7 28. b4 axb4 29. axb4 Rxa1 30. Rxa1 Bxb4 31. Bxd4 Bc3 32. Ra7 Bxd4 33. Rxc7 Bxf2+ 34. Kxf2 Re8 35. Ke3 d4+ 36. Kxd4 Rd8+ 37. Kc5 Nd5 38. Ra7 Rc8+ 39. Nc6 Be8 40. Bxe6 Rxc6+ 41. Kxd5 Rxc2 42. h4 Rd2 43. d4 Bg6 44. f5 Bh5 45. Ke4 b4 46. Ra8 Re2+ 47. Kd3 Bg4 48. Bg8+ Kh8 49. Bf7+ Kh7 50. Bg6# 1-0


[Site "https://www.chess.com"]

[Event "Titled Tuesday Blitz September 13 Late 2022"]
[White "Martinez Alcantara, Jose Eduardo"]
[Black "Melikyan, Gnel"]
[WhiteFideId "3805662"]
[BlackFideId "54109990"]
[WhiteElo "2703"]
[BlackElo "1772"]
[Result "1-0"]
[Round "07"]
[TimeControl "180+1"]
[Date "2022.09.13"]
[WhiteClock "0:01:24"]
[BlackClock "0:00:05"]

1. e4 c5 2. Nf3 Nc6 3. c3 d5 4. e5 Bf5 5. Bb5 e6 6. O-O h6 7. d4 Qb6 8. Bd3 Bxd3 9. Qxd3 cxd4 10. cxd4 Nge7 11. Nc3 Nf5 12. Nxd5 Qd8 13. Nf4 Nfxd4 14. Rd1 Nxf3+ 15. Qxf3 Qc7 16. Nh5 Qxe5 17. Bf4 Qb5 18. Rac1 Rc8 19. a3 a6 20. g4 Rg8 21. Bxh6 Qxb2 22. Rb1 Qxa3 23. Rb3 Qa4 24. Bf4 Nd4 25. Qxb7 Qc6 26. Rxd4 Qxb7 27. Rxb7 Bc5 28. Rc4 1-0


[Site "https://www.chess.com"]

[Event "Titled Tuesday Blitz September 13 Late 2022"]
[White "Melian, Juan Sebastian"]
[Black "Al Hosani, Omran"]
[WhiteFideId "3706575"]
[BlackFideId "9308733"]
[WhiteElo "1851"]
[BlackElo "2167"]
[Result "0-1"]
[Round "07"]
[TimeControl "180+1"]
[Date "2022.09.13"]
[WhiteClock "0:00:08"]
[BlackClock "0:01:01"]

1. d4 Nf6 2. c4 e6 3. Nf3 d5 4. g3 Bb4+ 5. Bd2 a5 6. Bg2 O-O 7. O-O dxc4 8. Qc2 Bxd2 9. Nbxd2 b5 10. a4 c6 11. b3 cxb3 12. Nxb3 b4 13. e4 Nbd7 14. Rfd1 Bb7 15. Rac1 Qe7 16. h3 Rfc8 17. g4 c5 18. dxc5 Bxe4 19. Qe2 Bd5 20. Nfd4 Bxg2 21. Kxg2 Nxc5 22. Qf3 Nd5 23. Nxc5 Rxc5 24. Nb3 Rc3 25. Rd3 Rxd3 26. Qe3 0-1


[Site "https://www.chess.com"]

[Event "Titled Tuesday Blitz September 13 Late 2022"]
[White "Mirzoev, Azer"]
[Black "Loay, Sameer"]
[WhiteFideId "13400304"]
[BlackFideId "8104239"]
[WhiteElo "2525"]
[BlackElo "2040"]
[Result "1-0"]
[Round "07"]
[TimeControl "180+1"]
[Date "2022.09.13"]
[WhiteClock "0:01:34"]
[BlackClock "0:02:06"]

1. c4 Nf6 2. Nc3 g6 3. e4 d6 4. g3 Bg7 5. Bg2 O-O 6. Nge2 c5 7. d3 Nc6 8. O-O Ne8 9. f4 Nc7 10. f5 Rb8 11. a4 a6 12. a5 Nd4 13. Nxd4 Bxd4+ 14. Kh1 b5 15. axb6 Rxb6 16. g4 Bd7 17. h3 e6 18. Ra2 exf5 19. exf5 Bc6 20. Bxc6 Rxc6 21. Qf3 d5 22. cxd5 Rd6 23. Bf4 Rd7 24. d6 Nb5 25. Ne4 Qa8 26. Rfa1 Qd5 27. Nf6+ Bxf6 28. Qxd5 1-0


[Site "https://www.chess.com"]

[Event "Titled Tuesday Blitz September 13 Late 2022"]
[White "Pap, Gyula"]
[Black "Llorente Zaro, Alfonso"]
[WhiteFideId "725323"]
[BlackFideId "2254131"]
[WhiteElo "2519"]
[BlackElo "2485"]
[Result "1-0"]
[Round "07"]
[TimeControl "180+1"]
[Date "2022.09.13"]
[WhiteClock "0:02:05"]
[BlackClock "0:01:37"]

1. d4 Nf6 2. c4 e6 3. Nc3 d5 4. cxd5 Nxd5 5. e4 Nxc3 6. bxc3 c5 7. Nf3 cxd4 8. cxd4 Bb4+ 9. Bd2 Bxd2+ 10. Qxd2 O-O 11. Rd1 Nd7 12. Bd3 b6 13. e5 Bb7 14. Ng5 h6 15. Ne4 Bxe4 16. Bxe4 Rc8 17. O-O b5 18. Bb1 Nb6 19. Qd3 g6 20. Qxb5 Qd5 21. Qe2 Rfd8 22. h4 Rc4 23. h5 g5 24. Qd3 Kf8 25. Qh7 1-0


[Site "https://www.chess.com"]

[Event "Titled Tuesday Blitz September 13 Late 2022"]
[White "Papasimakopoulos, Alexandros"]
[Black "Nazaretyan, Tigran"]
[WhiteFideId "4244125"]
[BlackFideId "24162345"]
[WhiteElo "2357"]
[BlackElo "2173"]
[Result "1-0"]
[Round "07"]
[TimeControl "180+1"]
[Date "2022.09.13"]
[WhiteClock "0:02:08"]
[BlackClock "0:01:06"]

1. d4 Nf6 2. c4 c5 3. d5 e6 4. Nc3 exd5 5. cxd5 d6 6. Nf3 g6 7. Bf4 a6 8. a4 Bg7 9. h3 O-O 10. e3 Qe7 11. Nd2 Nbd7 12. Be2 Ne5 13. O-O Rb8 14. Re1 Re8 15. e4 Bd7 16. a5 b5 17. axb6 Rxb6 18. Bxe5 dxe5 19. Nc4 Rb4 20. Rxa6 Reb8 21. Qd2 Ne8 22. Rea1 R4b7 23. R1a2 Nc7 24. d6 Qe8 25. dxc7 Rxc7 26. Nd5 Rcb7 27. Nd6 Qd8 28. Nxb7 Rxb7 29. Ra8 Rb8 30. Rxb8 Qxb8 31. Qa5 h5 32. Qa8 Qxa8 33. Rxa8+ Kh7 34. Ra7 Be6 35. Nc7 Bb3 36. Rb7 c4 37. Nb5 f5 38. Nd6 Kh6 39. Bxc4 Bc2 40. Nf7+ Kh7 41. exf5 gxf5 42. Nxe5 Be4 43. Re7 Kh6 44. f4 Bf8 45. Rc7 Bd6 46. Nf7+ 1-0


[Site "https://www.chess.com"]

[Event "Titled Tuesday Blitz September 13 Late 2022"]
[White "Pourkashiyan, Atousa"]
[Black "Dilanyan, Grigor"]
[WhiteFideId "12502014"]
[BlackFideId "13303570"]
[WhiteElo "2247"]
[BlackElo "2264"]
[Result "0-1"]
[Round "07"]
[TimeControl "180+1"]
[Date "2022.09.13"]
[WhiteClock "0:00:03"]
[BlackClock "0:01:43"]

1. e4 e5 2. Nf3 Nc6 3. Bb5 a6 4. Ba4 Nf6 5. O-O Be7 6. Re1 b5 7. Bb3 O-O 8. a4 b4 9. d3 d6 10. h3 Na5 11. Ba2 b3 12. cxb3 c5 13. Nc3 Nc6 14. b4 Nxb4 15. Bc4 Nd7 16. Nd5 a5 17. Bd2 Nb6 18. Bxb4 axb4 19. b3 Bb7 20. Nxb6 Qxb6 21. Nh2 Kh8 22. Qh5 g6 23. Qh6 Bf6 24. Ng4 Bg7 25. Qh4 f5 26. exf5 gxf5 27. Ne3 Qc6 28. Bd5 Qc7 29. Bxb7 Qxb7 30. Qh5 Qd7 31. Nc4 Rae8 32. a5 d5 33. Ne3 f4 34. Ng4 e4 35. dxe4 Bxa1 36. Rxa1 dxe4 37. a6 e3 38. fxe3 fxe3 39. Qxc5 e2 40. Qxb4 Qd1+ 41. Qe1 Rf1+ 42. Kh2 Rxe1 0-1


[Site "https://www.chess.com"]

[Event "Titled Tuesday Blitz September 13 Late 2022"]
[White "Rustemov, Alexander"]
[Black "Nasuta, Grzegorz"]
[WhiteFideId "4119002"]
[BlackFideId "1141686"]
[WhiteElo "2865"]
[BlackElo "2354"]
[Result "0-1"]
[Round "07"]
[TimeControl "180+1"]
[Date "2022.09.13"]
[WhiteClock "0:01:09"]
[BlackClock "0:00:22"]

1. d4 d5 2. c4 c6 3. Nc3 Nf6 4. e3 e6 5. Nf3 Nbd7 6. Qc2 Bd6 7. b3 O-O 8. Be2 b6 9. O-O Bb7 10. Bb2 Qe7 11. Rad1 Rad8 12. Rfe1 Rfe8 13. g3 c5 14. cxd5 exd5 15. Bf1 Rc8 16. dxc5 Nxc5 17. Qb1 Nce4 18. Rc1 Bb4 19. Qd3 Ng4 20. Re2 Qf6 21. Nxe4 dxe4 22. Rxc8 Rxc8 23. Qd7 Qxf3 24. Qxb7 Rd8 25. Bd4 Be1 0-1


[Site "https://www.chess.com"]

[Event "Titled Tuesday Blitz September 13 Late 2022"]
[White "Salem, A.R. Saleh"]
[Black "Sivakumar, Shaaketh"]
[WhiteFideId "9301348"]
[BlackFideId "30940176"]
[WhiteElo "2628"]
[BlackElo "1799"]
[Result "1-0"]
[Round "07"]
[TimeControl "180+1"]
[Date "2022.09.13"]
[WhiteClock "0:00:27"]
[BlackClock "0:00:09"]

1. d4 e6 2. c4 b6 3. Nc3 Bb4 4. e4 Bb7 5. f3 f5 6. exf5 Nh6 7. fxe6 Nf5 8. Ne2 dxe6 9. a3 Bd6 10. Qd3 Qh4+ 11. g3 Nxg3 12. Nxg3 Bxg3+ 13. hxg3 Qxh1 14. Ne4 O-O 15. Bf4 Qh5 16. O-O-O Qf5 17. Qe3 Nd7 18. Bd3 e5 19. dxe5 Nxe5 20. Bc2 Qh5 21. Ng5 Ng6 22. g4 Qh4 23. Bxg6 hxg6 24. Bg3 Qh6 25. Qe6+ Kh8 26. f4 Rae8 27. Qd7 Bc8 28. Nf7+ Kh7 29. Qxc7 Qh3 30. Ng5+ 1-0


[Site "https://www.chess.com"]

[Event "Titled Tuesday Blitz September 13 Late 2022"]
[White "Shimanov, Aleksandr"]
[Black "Aldokhin, Ivan"]
[WhiteFideId "4198603"]
[BlackFideId "24115720"]
[WhiteElo "2605"]
[BlackElo "2243"]
[Result "1-0"]
[Round "07"]
[TimeControl "180+1"]
[Date "2022.09.13"]
[WhiteClock "0:00:56"]
[BlackClock "0:00:03"]

1. e4 c5 2. Nf3 e6 3. g3 b6 4. Bg2 Bb7 5. d4 cxd4 6. Nxd4 Nf6 7. Qe2 Nc6 8. Nxc6 Bxc6 9. O-O Be7 10. c4 e5 11. Nc3 O-O 12. Rd1 Rc8 13. Be3 Bb4 14. Bd2 Qe7 15. Rac1 Rfd8 16. a3 Bxc3 17. Bxc3 d6 18. Rd2 Qb7 19. f3 b5 20. cxb5 Bxb5 21. Qe3 d5 22. exd5 Nxd5 23. f4 Nxe3 24. Bxb7 Rxd2 25. Bxd2 Rxc1+ 26. Bxc1 exf4 27. gxf4 Nc4 28. b3 Nd6 29. Bd5 Kf8 30. Be3 a6 31. a4 Bd3 32. Bc5 Ke7 33. Kf2 Kd7 34. Ke3 Bc2 35. Kd2 Be4 36. Bc4 Nxc4+ 37. bxc4 Bc6 38. a5 Ke6 39. Kc3 Kf5 40. Bd6 f6 41. Kd4 g5 42. Kc5 Be4 43. fxg5 fxg5 44. Kb6 Bd3 45. c5 Ke6 46. Bg3 Kd7 47. Kb7 Bb5 48. Be5 h5 49. Bf6 g4 50. Bh4 1-0


[Site "https://www.chess.com"]

[Event "Titled Tuesday Blitz September 13 Late 2022"]
[White "Sjugirov, Sanan"]
[Black "Sarana, Alexey"]
[WhiteFideId "4189302"]
[BlackFideId "24133795"]
[WhiteElo "2609"]
[BlackElo "2689"]
[Result "0-1"]
[Round "07"]
[TimeControl "180+1"]
[Date "2022.09.13"]
[WhiteClock "0:00:01"]
[BlackClock "0:00:44"]

1. e4 c5 2. Nf3 d6 3. c3 Nf6 4. h3 g6 5. Bd3 Bg7 6. O-O Nc6 7. Bc2 O-O 8. Re1 e5 9. d4 cxd4 10. cxd4 exd4 11. Nxd4 d5 12. Nxc6 bxc6 13. exd5 Nxd5 14. Na3 Rb8 15. Bb3 Ba6 16. Qf3 Qd6 17. Rb1 Rbe8 18. Bd2 Bd4 19. Nc4 Qc5 20. Rec1 Re6 21. Na5 Bxf2+ 22. Qxf2 Qxf2+ 23. Kxf2 Re2+ 24. Kg3 Rxd2 25. Nxc6 Ne3 26. Rc3 Re8 27. Rg1 Bf1 28. Kf3 Bxg2+ 29. Rxg2 Nxg2 0-1


[Site "https://www.chess.com"]

[Event "Titled Tuesday Blitz September 13 Late 2022"]
[White "Tari, Aryan"]
[Black "Keymer, Vincent"]
[WhiteFideId "1510045"]
[BlackFideId "12940690"]
[WhiteElo "2612"]
[BlackElo "2585"]
[Result "1-0"]
[Round "07"]
[TimeControl "180+1"]
[Date "2022.09.13"]
[WhiteClock "0:00:13"]
[BlackClock "0:00:01"]

1. e4 c6 2. d4 d5 3. e5 Bf5 4. Be3 Qb6 5. Qc1 e6 6. Nf3 c5 7. c4 cxd4 8. Nxd4 Bxb1 9. Rxb1 Bb4+ 10. Kd1 Nc6 11. Nxe6 d4 12. Nxg7+ Kf8 13. Bh6 Nxh6 14. Qxh6 Nxe5 15. Qxb6 axb6 16. Nf5 d3 17. a3 Bc5 18. f4 Ng4 19. Bxd3 Nf2+ 20. Kc2 Rd8 21. Rhd1 Nxd1 22. Rxd1 Rg8 23. g3 Rg6 24. b4 Bd6 25. Be4 Bc7 26. Rxd8+ Bxd8 27. Bxb7 Re6 28. Kd2 Bf6 29. Bd5 Re8 30. a4 Rd8 31. Kc2 Be7 32. Kb3 Bf6 33. c5 bxc5 34. Bc6 cxb4 35. a5 Rc8 36. Bb7 Rc7 37. a6 Rc3+ 38. Kxb4 1-0


[Site "https://www.chess.com"]

[Event "Titled Tuesday Blitz September 13 Late 2022"]
[White "Ter-Sahakyan, Samvel"]
[Black "Livaic, Leon"]
[WhiteFideId "13302531"]
[BlackFideId "14531534"]
[WhiteElo "2604"]
[BlackElo "2540"]
[Result "1-0"]
[Round "07"]
[TimeControl "180+1"]
[Date "2022.09.13"]
[WhiteClock "0:00:12"]
[BlackClock "0:00:04"]

1. e4 e6 2. d4 d5 3. e5 c5 4. c3 Nc6 5. Nf3 Bd7 6. Be2 Nge7 7. Na3 cxd4 8. cxd4 Nf5 9. Nc2 Qb6 10. O-O Rc8 11. Bd3 Nb4 12. Nxb4 Bxb4 13. Be3 Nxe3 14. fxe3 Be7 15. Qe2 O-O 16. Rf2 a6 17. h4 Bb5 18. g4 f6 19. exf6 Rxf6 20. Raf1 Rcf8 21. g5 Rf5 22. Bxb5 axb5 23. Ne5 Bd6 24. Rxf5 Rxf5 25. Rxf5 exf5 26. Qf3 Bxe5 27. Qxd5+ Kf8 28. Qxe5 Qa5 29. Qxf5+ Ke7 30. Qe5+ Kf7 31. Qd5+ Ke7 32. Qxb7+ Kd6 33. Qb8+ Kd7 34. Qf4 Qxa2 35. Qf5+ Ke7 36. Qe5+ Kf7 37. Qf5+ Ke7 38. Qxb5 Qb1+ 39. Kf2 Qh1 40. Qe5+ Kd7 41. Qf5+ Ke7 42. Qf4 g6 43. Qe5+ Kd7 44. Qf4 Ke6 45. b4 Qb1 46. Qe5+ Kf7 47. Qd5+ Kg7 48. Qe5+ Kf7 49. b5 Qc2+ 50. Kf3 Qd1+ 51. Ke4 Qb1+ 52. Kf4 Qf1+ 53. Kg3 Qg1+ 54. Kf3 Qf1+ 55. Ke4 Qb1+ 56. Kd5 Qxb5+ 57. Kd6 Qb6+ 58. Kd7 Qb7+ 59. Qc7 Qe4 60. Kd6+ Kg8 61. Qd8+ Kg7 62. Qf6+ Kg8 63. Qe6+ Kh8 64. Qxe4 1-0


[Site "https://www.chess.com"]

[Event "Titled Tuesday Blitz September 13 Late 2022"]
[White "Timmermans, Mark"]
[Black "Yoo, Christopher Woojin"]
[WhiteFideId "1026399"]
[BlackFideId "30909694"]
[WhiteElo "2460"]
[BlackElo "2105"]
[Result "0-1"]
[Round "07"]
[TimeControl "180+1"]
[Date "2022.09.13"]
[WhiteClock "0:00:20"]
[BlackClock "0:01:05"]

1. Nf3 Nf6 2. e3 g6 3. Be2 Bg7 4. O-O O-O 5. d4 b6 6. b3 Bb7 7. Bb2 d6 8. Nbd2 Nbd7 9. c4 Ne4 10. Nxe4 Bxe4 11. Nd2 Bb7 12. Bf3 Qc8 13. Rc1 e5 14. Bxb7 Qxb7 15. d5 Nc5 16. Qc2 a5 17. a3 b5 18. Ba1 Rfb8 19. Rb1 b4 20. a4 f5 21. Rbe1 Qc8 22. f3 Qd7 23. Re2 Rf8 24. Bb2 Rae8 25. Rd1 g5 26. Nf1 h5 27. Rde1 e4 28. Bd4 Nd3 29. Rd1 Bxd4 30. exd4 Qg7 31. Rxd3 exd3 32. Qxd3 Rxe2 33. Qxe2 Qxd4+ 34. Qe3 Qxe3+ 35. Nxe3 f4 36. Nc2 Re8 37. Kf2 Kf7 38. g3 Kf6 39. gxf4 gxf4 40. Nd4 Re3 0-1


[Site "https://www.chess.com"]

[Event "Titled Tuesday Blitz September 13 Late 2022"]
[White "Trost, Edvin"]
[Black "Arnold, Ken"]
[WhiteFideId "1729519"]
[BlackFideId "2056836"]
[WhiteElo "2186"]
[BlackElo "2452"]
[Result "0-1"]
[Round "07"]
[TimeControl "180+1"]
[Date "2022.09.13"]
[WhiteClock "0:00:05"]
[BlackClock "0:00:18"]

1. Nf3 d5 2. b3 Nf6 3. Bb2 c5 4. g3 Nc6 5. Bg2 Bg4 6. O-O e6 7. d3 Be7 8. Nbd2 O-O 9. Re1 Qc7 10. e4 dxe4 11. Nxe4 Nxe4 12. Rxe4 Bf5 13. Re1 Rad8 14. Qd2 Nd4 15. Nxd4 cxd4 16. Be4 Bg6 17. Bxg6 hxg6 18. Re4 Bf6 19. h4 Rd5 20. Rae1 Rc8 21. R1e2 Rc5 22. Bxd4 Rxc2 23. Qe3 Rxe2 24. Qxe2 Bxd4 25. Rxd4 Qc1+ 26. Kg2 Qc6+ 27. Qe4 Qxe4+ 28. dxe4 Rc2 29. Rd8+ Kh7 30. Rd7 f6 31. a4 b6 32. Rxa7 Rc3 33. b4 Rc4 34. b5 Rxe4 35. Kf3 Rb4 36. Ke3 e5 37. Kd3 f5 38. Kc3 Rb1 39. Ra6 Ra1 40. Kb3 Rb1+ 41. Kc4 Ra1 42. Kd5 e4 43. Kc6 Ra2 44. Kxb6 Rxf2 45. Ka7 Ra2 46. b6 e3 47. b7 e2 48. b8=Q e1=Q 49. Qb6 Qxg3 50. h5 gxh5 51. Qc5 Qg4 52. a5 Ra4 53. Ka8 Qe4+ 54. Ka7 Rc4 55. Qb6 Qe7+ 56. Ka8 Rc8+ 57. Qb8 Rxb8+ 58. Kxb8 Qd8+ 59. Ka7 Qc7+ 60. Ka8 Qc8+ 61. Ka7 Qc7+ 62. Ka8 f4 63. Rb6 Qc8+ 64. Ka7 f3 65. a6 f2 66. Rb8 Qc5+ 67. Ka8 f1=Q 68. Rb7 Qxa6+ 69. Kb8 Qxb7+ 70. Kxb7 Qg5 71. Ka7 Qf6 72. Kb7 h4 73. Kb8 h3 74. Kc8 h2 75. Kd7 h1=Q 76. Ke8 Qa8+ 77. Kd7 Qb7+ 78. Ke8 Qbe7# 0-1


[Site "https://www.chess.com"]

[Event "Titled Tuesday Blitz September 13 Late 2022"]
[White "Urbina Perez, Juan Antonio"]
[Black "Hjartarson, Johann"]
[WhiteFideId "2217368"]
[BlackFideId "2300044"]
[WhiteElo "2197"]
[BlackElo "2458"]
[Result "0-1"]
[Round "07"]
[TimeControl "180+1"]
[Date "2022.09.13"]
[WhiteClock "0:00:12"]
[BlackClock "0:00:14"]

1. e4 c5 2. Nf3 e6 3. b3 b6 4. d4 cxd4 5. Nxd4 Bb7 6. Bd3 Nf6 7. Qe2 Bc5 8. Bb2 O-O 9. O-O d5 10. e5 Nfd7 11. Nd2 Nc6 12. Nxc6 Bxc6 13. Nf3 Qe7 14. Nd4 Bb7 15. Kh1 a5 16. a4 Bxd4 17. Bxd4 Nc5 18. f4 g6 19. Rab1 Rac8 20. Qe3 Rc7 21. Be2 Rfc8 22. c3 Ne4 23. Rfc1 h5 24. Bf3 Nc5 25. h3 h4 26. Kh2 Ba6 27. Rd1 b5 28. axb5 Bxb5 29. b4 axb4 30. Rxb4 Bc4 31. Rdb1 Nd3 32. Rb8 Qa3 33. Rxc8+ Rxc8 34. f5 exf5 35. e6 Qd6+ 36. Kg1 Qxe6 37. Qh6 Ne5 38. Re1 Nxf3+ 39. Kf2 Qxe1+ 40. Kxf3 Qf1+ 41. Bf2 Be2+ 0-1


[Site "https://www.chess.com"]

[Event "Titled Tuesday Blitz September 13 Late 2022"]
[White "Vasquez Schroeder, Rodrigo"]
[Black "Putnam, Liam"]
[WhiteFideId "3400042"]
[BlackFideId "30938279"]
[WhiteElo "2577"]
[BlackElo "2031"]
[Result "1-0"]
[Round "07"]
[TimeControl "180+1"]
[Date "2022.09.13"]
[WhiteClock "0:00:49"]
[BlackClock "0:00:04"]

1. e4 c5 2. Nf3 e6 3. d4 cxd4 4. Nxd4 Nc6 5. Nb5 d6 6. c4 a6 7. N5c3 Nf6 8. Be2 Be7 9. O-O O-O 10. Na3 b6 11. Be3 Bb7 12. Rc1 Rc8 13. Qd2 Qc7 14. f3 Rfd8 15. Nd5 exd5 16. cxd5 Qd7 17. dxc6 Rxc6 18. Rxc6 Bxc6 19. Bxb6 Rb8 20. Bd4 Qb7 21. Nc4 Bb5 22. b3 h6 23. Rc1 d5 24. Na5 Qd7 25. e5 Ne8 26. Bxb5 Rxb5 27. Nc6 Bf8 28. Be3 Nc7 29. Nd4 Rc5 30. Rd1 Nb5 31. Nxb5 Rxb5 32. f4 Qf5 33. Qd3 Qe6 34. Bd4 Bc5 35. Rc1 Qb6 36. Rxc5 Rxc5 37. Kf2 Rc2+ 38. Qxc2 Qxd4+ 39. Kf3 g5 40. g3 Qg1 41. Qe2 d4 42. Ke4 Kg7 43. f5 Qa1 44. f6+ Kg8 45. Qc2 h5 46. Qc8+ Kh7 47. Qf5+ Kh6 48. Kd5 Qxa2 49. Qd3 Qa5+ 50. Kxd4 Qb4+ 51. Ke3 Qe1+ 52. Kd4 Qf2+ 53. Kd5 Qxh2 54. e6 Qg2+ 55. Kd6 fxe6 56. Kxe6 h4 57. gxh4 gxh4 58. Qe3+ Kh7 59. f7 Qg6+ 60. Ke7 Qg7 61. Qe4+ Kh8 62. Qxh4+ Qh7 63. Qxh7+ Kxh7 64. f8=Q Kg6 65. Qf6+ 1-0


[Site "https://www.chess.com"]